 Dungeon Crawl Stone Soup version 0.27-a0-1591-gc56fcc985a (webtiles) character file.

Game seed: 257143236171030226

435 robertstho the Ruffian (level 6, -5/61 HPs)
             Began as a Troll Delver on July 19, 2021.
             Killed by nerve-wracking pain
             ... invoked by LadonLegend's ghost
              (13 damage)
             ... on level 4 of the Dungeon.
             The game lasted 00:07:30 (3717 turns).

robertstho the Ruffian (Troll Delver)               Turns: 3717, Time: 00:07:30

Health: -5/61      AC:  4    Str: 23    XL:     6   Next: 68%
Magic:  5/5        EV:  7    Int:  6    God:
Gold:   140        SH:  7    Dex: 11    Spells: 5/5 levels left

rFire    . . .     SeeInvis .     - Unarmed
rCold    . . .     Faith    .   j - +0 kite shield
rNeg     . . .     Spirit   .   a - +0 robe
rPois    .         Reflect  .   (helmet restricted)
rElec    .         Harm     .   (no cloak)
rCorr    .         Rampage  .   (gloves unavailable)
Will     .....                  (boots unavailable)
Stlth    ++........             (no amulet)
HPRegen  1.20/turn              h - ring of flight
MPRegen  0.09/turn              (no ring)

@: flying, slowed, very slow
A: large, unfitting armour, claws 3, regeneration 1, shaggy fur 1, tough skin 1
a: no special abilities


You were on level 4 of the Dungeon.
You visited 1 branch of the dungeon, and saw 5 of its levels.

You collected 140 gold pieces.

Inventory:

Armour
 a - a +0 robe (worn)
 j - a +0 kite shield (worn)
Jewellery
 h - a ring of flight (left claw)
Wands
 e - a wand of iceblast (8)
 f - a wand of digging (3)
 o - a wand of polymorph (8)
Scrolls
 b - 3 scrolls of fog
 c - a scroll of magic mapping
 g - 6 scrolls of identify {unknown}
 k - a scroll of brand weapon {unknown}
 m - a scroll of immolation {unknown}
 n - a scroll of acquirement {unknown}
 p - a scroll of blinking {unknown}
Potions
 d - a potion of magic {unknown}
 i - a potion of brilliance {unknown}
 l - a potion of flight


   Skills:
 * Level 3.3 Fighting
 + Level 2.1 Dodging
 + Level 3.6 Stealth
 + Level 0.6 Shields
 * Level 5.0 Unarmed Combat


You had 5 spell levels left.
You didn't know any spells.
Your spell library contained the following spells:

 Spells                   Type           Power      Damage    Failure   Level
 Magic Dart               Conj           0%         1d3       97%         1
 Searing Ray              Conj           0%         3d3       99%         2
 Static Discharge         Conj/Air       0%         N/A       99%         2
 Dispel Undead            Necr           0%         3d6       100%        4
 Fulminant Prism          Conj/Hex       0%         3d6       100%        4
 Sticky Flame             Conj/Fire      0%         2d3       100%        4
 Blade Hands              Tmut           0%         N/A       100%        5
 Irradiate                Conj/Tmut      0%         3d14      100%        5
 Dragon Form              Tmut           0%         N/A       100%        7


Dungeon Overview and Level Annotations

Branches:
Dungeon (5/15)
 Temple: D:4-7

Altars:
Ashenzari
Ru
Xom

Shops:
D:3 :

Annotations:
D:3 2 transporters, robertstho's ghost, amateur DjGl
D:4 LadonLegend's ghost, amateur DjFE


Innate Abilities, Weirdness & Mutations

You are too large for most types of armour.
You have claws for hands.
Your natural rate of healing is unusually fast.
You are covered in fur. (AC +1)
You have tough skin. (AC +1)


Message History

You feel sick.
LadonLegend's ghost gestures at you while chanting.
You resist with significant effort.
You miss LadonLegend's ghost.
LadonLegend's ghost is severely damaged.
You feel sick. LadonLegend's ghost hits you.
You miss LadonLegend's ghost.
LadonLegend's ghost is severely damaged.
You feel sick.
LadonLegend's ghost points at you and mumbles some strange words.
You feel yourself slow down.
You completely miss LadonLegend's ghost.
LadonLegend's ghost is severely damaged.
You feel sick.
You are no longer poisoned.
LadonLegend's ghost hits you.
LadonLegend's ghost points at you and mumbles some strange words.
Pain shoots through your body!
* * * LOW HITPOINT WARNING * * *
You scratch LadonLegend's ghost.
LadonLegend's ghost is almost destroyed.
You block LadonLegend's ghost's attack. x2
You closely miss LadonLegend's ghost.
LadonLegend's ghost is almost destroyed.
LadonLegend's ghost points at you and mumbles some strange words.
You feel as though you will be slow longer.
LadonLegend's ghost hits you.
* * * LOW HITPOINT WARNING * * *
You scratch LadonLegend's ghost.
LadonLegend's ghost is almost destroyed.
LadonLegend's ghost gestures at you while chanting.
You resist with significant effort.
You completely miss LadonLegend's ghost.
LadonLegend's ghost is almost destroyed.
LadonLegend's ghost points at you and mumbles some strange words.
Pain shoots through your body!
* * * LOW HITPOINT WARNING * * *
LadonLegend's ghost points at you and mumbles some strange words.
Pain shoots through your body!
You die...

###.....# #...# #.........
........# #...# #≈#
#####....# ###.....#
#...###}##### #..... #
#..)..# #....(#≈#...# #..)..
# ####### #.....#≈#...#
#..... #
##....#≈#...######.###. #
#....#≈#..........# #. #
#######....#W#...######## ##
# #.....)....@†..### # #
#.........###### # #
#.........##### #####
######.............# #...#
..)...........####.# #...#
#####.#####..<[....######
#...#
#......######...#...#####....
#......#<|..........##.......
#......#####..#...........#..


You could see LadonLegend's ghost.

Vanquished Creatures
  Sigmund (D:2)
  A water moccasin skeleton (D:4)
  A jelly (D:3)
  Ijyb (D:3)
  Terence (D:2)
  An iguana (D:2)
  A gnoll (D:3)
  6 adders
  4 dart slugs
  5 orcs
  6 ball pythons
  5 bats
  6 endoplasms
  2 giant cockroaches
  5 goblins
  2 hobgoblins
  2 jackals (D:1)
  6 kobolds
  4 quokkas
  2 frilled lizards
  2 rats (D:2)
64 creatures vanquished.

Notes
Turn   | Place    | Note
-------+----------+-------------------------------------------
     0 | D:5      | robertstho the Troll Delver began the quest for the Orb.
     0 | D:5      | Reached XP level 1. HP: 22/22 MP: 0/0
    21 | D:5      | Noticed an iguana
   209 | D:4      | Reached XP level 2. HP: 29/29 MP: 1/1
   209 | D:4      | Reached XP level 3. HP: 36/36 MP: 2/2
   272 | D:4      | Noticed an ogre
   351 | D:3      | Found Socof's Book Emporium.
  1184 | D:1      | Reached XP level 4. HP: 43/44 MP: 3/3
  1514 | D:2      | Found a faded altar of an unknown god.
  1556 | D:2      | Noticed Terence
  1577 | D:2      | HP: 2/44 [Terence (8)]
  1752 | D:2      | Noticed Sigmund
  1760 | D:2      | Killed Sigmund
  1761 | D:2      | Reached skill level 3 in Unarmed Combat
  1761 | D:2      | Reached XP level 5. HP: 41/53 MP: 4/4
  1837 | D:2      | Killed Terence
  1838 | D:2      | Reached skill level 4 in Unarmed Combat
  1915 | D:2      | Reached XP level 6. HP: 53/61 MP: 5/5
  2584 | D:3      | Noticed robertstho's ghost (amateur DjGl)
  2584 | D:3      | Found a transporter.
  2604 | D:3      | Found a broken altar of Ashenzari.
  2752 | D:3      | Found a sacrificial altar of Ru.
  2923 | D:3      | Identified the +0 great mace of Moluczuw {vorpal, Str+4}
  2931 | D:3      | Found a transporter.
  2935 | D:3      | Found a shimmering altar of Xom.
  2942 | D:3      | Noticed Ijyb
  2952 | D:3      | Killed Ijyb
  3389 | D:4      | Found a runed translucent door.
  3527 | D:4      | Noticed LadonLegend's ghost (amateur DjFE)
  3705 | D:4      | Reached skill level 5 in Unarmed Combat
  3717 | D:4      | Killed from afar by LadonLegend's ghost

Illustrated notes

Levels and vault maps discovered:
D:1:      dpeg_chamrin_arrival_tetris, layout_basic, supply_closet_lemuel
D:2:      layout_basic, chequers_ecumenical_altar_simple, uniq_sigmund,
          uniq_terence
D:3:      layout_loops_ring, nicolae_ru_path_of_blood, xom_butterflies,
          nicolae_overflow_crystal_walls, serial_shops, shop,
          gammafunk_ghost_smash, minmay_mini_jars, uniq_ijyb
D:4:      layout_basic, nicolae_overflow_hidden_temple, ebering_ghost_sewer_d,
          minmay_misc_feat_more_columns
D:5:      layout_gridville, mainiacjoe_overflow_cross_hatched,
          lemuel_doored_altar, nemelex_diamond_rough_becter,
          minmay_temple_entry_grid, serial_bayou, serial_bayou_pond_e,
          serial_bayou_pond_d, uniq_duvessa

Skill      XL: |  1  2  3  4  5  6 |
---------------+-------------------+-----
Stealth        | 3 |  3.6
Fighting       | 3 |  3.3
Unarmed Combat | 3 4 5 |  5.0
Dodging        | 2 |  2.1
Shields        | |  0.6

Action                   |  1- 3 |  4- 6 || total
-------------------------+-------+-------++-------
Melee: Unarmed           |    53 |   174 ||   227
  Use: Potion            |     1 |     6 ||     7
       Scroll            |       |     2 ||     2
 Stab: Sleeping          |     5 |     7 ||    12
Armor: Robe              |    15 |    39 ||    54
Dodge: Dodged            |    20 |    56 ||    76
Block: Kite shield       |     6 |    46 ||    52

Table legend: (Time is in decaauts)
 A = Elapsed time spent in this place.
 B = Non-inter-level travel time spent in this place.
 C = Inter-level travel time spent in this place.
 D = Time resting spent in this place.
 E = Time spent auto-exploring this place.
 F = Levels seen in this place.
 G = Mean time per level.
                   A        B        C        D        E       F      G
               +--------+--------+--------+--------+--------+-----+--------+
         Total |   3742 |   3599 |    143 |     31 |   2917 |   5 |  748.4 |
       Dungeon |   3742 |   3599 |    143 |     31 |   2917 |   5 |  748.4 |
               +--------+--------+--------+--------+--------+-----+--------+

Top non-repeatable levels by time:
     D:2: 1153 daAuts
     D:1: 1069 daAuts
     D:3: 795 daAuts
     D:4: 658 daAuts
     D:5: 65 daAuts
